[Event "November 21 Late 2023"]
[Site "https://www.chess.com"]
[Date "2023.11.21"]
[Round "4"]
[White "Gubajdullin, Alexei"]
[Black "Estrada Nieto, Julian"]
[Result "1-0"]
[Board "91"]
[TimeControl "180+1"]
[WhiteFideId "4141202"]
[BlackFideId "5101018"]
[WhiteElo "2280"]
[BlackElo "2161"]
[WhiteTeam "RUS"]
[BlackTeam "ESP"]
[WhiteClock "0:01:01"]
[BlackClock "0:00:00"]

1. d4 d5 2. Nf3 Nf6 3. Bf4 c5 4. e3 Nc6 5. Nbd2 cxd4 6. exd4 Qb6 7. Nb3 Bf5 8. c3 e6 9. a4 a6 10. a5 Qd8 11. Bd3 Bxd3 12. Qxd3 Bd6 13. Bxd6 Qxd6 14. Nc5 Qc7 15. b4 O-O 16. O-O Rfe8 17. Rfe1 e5 18. Nxe5 Nxe5 19. dxe5 Rxe5 20. Rxe5 Qxe5 21. Nxb7 Re8 22. f3 Nh5 23. Qd4 Qg5 24. h4 Qg6 25. Qg4 Qh6 26. Qg5 Qc6 27. Nc5 Nf6 28. Qg3 d4 29. cxd4 Qd5 30. Qf2 Qc4 31. Qd2 Re2 32. Qd3 Qxd3 33. Nxd3 Rd2 34. Ra3 Nd5 35. b5 axb5 36. a6 b4 37. a7 1-0

[Event "November 21 Late 2023"]
[Site "https://www.chess.com"]
[Date "2023.11.21"]
[Round "4"]
[White "OPQRC"]
[Black "Bochnicka, Vladimir"]
[Result "1-0"]
[Board "92"]
[TimeControl "180+1"]
[BlackFideId "14943450"]
[WhiteElo "2628"]
[BlackElo "2170"]
[BlackTeam "SVK"]
[WhiteClock "0:00:32"]
[BlackClock "0:00:00"]

1. e4 c5 2. Nf3 Nc6 3. c3 Nf6 4. d3 e5 5. Be2 d6 6. O-O g6 7. Re1 Bg7 8. Bf1 O-O 9. Nbd2 h6 10. Nc4 Be6 11. a4 a6 12. a5 Bxc4 13. dxc4 Nxa5 14. Nxe5 dxe5 15. Qxd8 Rfxd8 16. Rxa5 b6 17. Ra1 Ne8 18. b4 Bf8 19. Ra4 Kg7 20. Be3 Nc7 21. Rea1 Rab8 22. f3 Rd7 23. Kf2 f5 24. exf5 gxf5 25. g3 b5 26. cxb5 axb5 27. Ra7 cxb4 28. cxb4 Bxb4 29. Rc1 Bd6 30. Rc6 b4 31. Bc5 Bxc5+ 32. Rxc5 b3 33. Rcxc7 b2 34. Rxd7+ 1-0

[Event "November 21 Late 2023"]
[Site "https://www.chess.com"]
[Date "2023.11.21"]
[Round "4"]
[White "Spata, German"]
[Black "Marcziter, Dmitrii"]
[Result "0-1"]
[Board "93"]
[TimeControl "180+1"]
[WhiteFideId "113026"]
[BlackFideId "13900765"]
[WhiteElo "2260"]
[BlackElo "2142"]
[WhiteTeam "ARG"]
[BlackTeam "GER"]
[WhiteClock "0:00:26"]
[BlackClock "0:00:19"]

1. d4 Nf6 2. Nf3 g6 3. e3 Bg7 4. Be2 O-O 5. O-O d6 6. b3 e5 7. Bb2 e4 8. Nfd2 d5 9. c4 c6 10. Nc3 a6 11. b4 h5 12. a4 h4 13. h3 Be6 14. Re1 Nbd7 15. b5 Nh7 16. bxc6 bxc6 17. Ba3 Re8 18. cxd5 cxd5 19. Nb3 Qg5 20. Kh1 Qf6 21. Kg1 Ng5 22. Bf1 Nf8 23. Nc5 Nfh7 24. Nxe6 fxe6 25. Bd6 Qf5 26. Rb1 Ra7 27. Rb6 Rf7 28. Qe2 a5 29. Nb5 e5 30. dxe5 Bxe5 31. Bxe5 Qxe5 32. Nd6 Rf6 33. Qb5 Ref8 34. Nb7 Rxf2 35. Rxg6+ Kh8 36. Qd7 R2f7 37. Qd6 Qc3 38. Rd1 Qxe3+ 39. Kh1 Rxf1+ 40. Rxf1 Rxf1+ 41. Kh2 Qg1# 0-1

[Event "November 21 Late 2023"]
[Site "https://www.chess.com"]
[Date "2023.11.21"]
[Round "4"]
[White "VitaliyChayka"]
[Black "Maltsevskaya, Aleksandra"]
[Result "1-0"]
[Board "94"]
[TimeControl "180+1"]
[BlackFideId "24174041"]
[WhiteElo "2419"]
[BlackElo "2296"]
[BlackTeam "POL"]
[WhiteClock "0:00:06"]
[BlackClock "0:00:04"]

1. d4 Nf6 2. Bf4 g6 3. e3 d6 4. h3 Bg7 5. Nf3 O-O 6. Be2 b6 7. O-O Bb7 8. a4 a6 9. Nbd2 Nbd7 10. Bh2 Re8 11. c3 e5 12. Nc4 Ne4 13. Nfd2 Ng5 14. Nf3 h5 15. Nxg5 Qxg5 16. Bf3 e4 17. Be2 Nf6 18. Nd2 Bc8 19. Kh1 Bd7 20. a5 b5 21. c4 Qf5 22. cxb5 Bxb5 23. Nc4 Nd5 24. Qd2 Rab8 25. Rac1 Rb7 26. Na3 Bxe2 27. Qxe2 Nb4 28. f3 Nd3 29. Rc2 Reb8 30. fxe4 Qxe4 31. Nc4 Nb4 32. Rd2 Nd5 33. Qf3 Qxf3 34. Rxf3 Rb4 35. Rc2 Ra4 36. Bg1 Ra1 37. Kh2 Rb4 38. e4 Ne7 39. e5 dxe5 40. Nxe5 Nf5 41. Rxc7 Bxe5+ 42. dxe5 Rxb2 43. e6 fxe6 44. Rd3 Ng7 45. Rd8+ Kh7 46. Bd4 Rd2 47. Rxg7+ Kh6 48. Rh8+ Kg5 49. Be3+ Kf6 50. Bxd2 Ra3 51. Rd7 Kf5 52. Rf8+ Ke4 53. Re7 Ke5 54. Be1 Ra2 55. Bg3+ Kd5 56. Rf6 e5 57. Rd7+ Ke4 58. Rxa6 Ra4 59. Re6 h4 60. Rxe5# 1-0

[Event "November 21 Late 2023"]
[Site "https://www.chess.com"]
[Date "2023.11.21"]
[Round "4"]
[White "UK_23"]
[Black "Golubev, Mikhail"]
[Result "1-0"]
[Board "95"]
[TimeControl "180+1"]
[BlackFideId "14100983"]
[WhiteElo "2414"]
[BlackElo "2352"]
[BlackTeam "UKR"]
[WhiteClock "0:00:13"]
[BlackClock "0:00:00"]

1. e4 c5 2. Nf3 Nc6 3. Bb5 d6 4. Bxc6+ bxc6 5. e5 dxe5 6. d3 f6 7. O-O g6 8. b3 Nh6 9. Ba3 Bg7 10. Nc3 O-O 11. Na4 f5 12. Rc1 e4 13. dxe4 Qxd1 14. Rfxd1 fxe4 15. Ng5 e3 16. fxe3 Nf5 17. Bxc5 Bh6 18. h4 Nxh4 19. Bxe7 Re8 20. Rd8 Rxd8 21. Bxd8 Bf5 22. Rd1 Bxc2 23. Rd2 Bf5 24. Nc5 a5 25. a4 Rb8 26. Kf2 Rc8 27. g3 1-0

[Event "November 21 Late 2023"]
[Site "https://www.chess.com"]
[Date "2023.11.21"]
[Round "4"]
[White "Koksal, Ege"]
[Black "Suspenser17"]
[Result "1-0"]
[Board "96"]
[TimeControl "180+1"]
[WhiteFideId "6317626"]
[WhiteElo "2230"]
[BlackElo "2402"]
[WhiteTeam "TUR"]
[WhiteClock "0:00:15"]
[BlackClock "0:00:00"]

1. c4 c6 2. Nc3 d5 3. d4 Nf6 4. Nf3 e6 5. e3 Nbd7 6. Bd3 dxc4 7. Bxc4 b5 8. Bd3 Bd6 9. O-O Bb7 10. a4 b4 11. Ne4 Nxe4 12. Bxe4 Nf6 13. Bd3 Qc7 14. e4 Be7 15. Bg5 O-O 16. Rc1 h6 17. Bh4 Rfd8 18. Qe2 Qa5 19. e5 Nd5 20. Qe4 Bxh4 21. Qh7+ Kf8 22. Nxh4 Nf4 23. Rc5 Qc7 24. Nf3 Nxd3 25. Qxd3 Kg8 26. a5 Qc8 27. Rfc1 Rb8 28. Qd2 Qd7 29. Qxb4 Ba6 30. Qc3 Bb5 31. h3 Qe7 32. Nd2 Rd7 33. Ne4 Qd8 34. Nd6 Rxd6 35. exd6 Qxd6 36. Qe3 Rd8 37. Rd1 Qc7 38. b4 Qe7 39. Qe5 Qh4 40. Rc3 Qe7 41. Rg3 f6 42. Qf4 Qxb4 43. Qxf6 Rd7 44. Qxe6+ Rf7 45. Re1 c5 46. d5 Bd7 47. Qe5 Qxa5 48. Ree3 1-0

[Event "November 21 Late 2023"]
[Site "https://www.chess.com"]
[Date "2023.11.21"]
[Round "4"]
[White "Sivakumar, Shaashwath"]
[Black "Lymar, Vladislav"]
[Result "0-1"]
[Board "97"]
[TimeControl "180+1"]
[WhiteFideId "30912156"]
[BlackFideId "14162180"]
[WhiteElo "2137"]
[BlackElo "2234"]
[WhiteTeam "USA"]
[BlackTeam "UKR"]
[WhiteClock "0:00:06"]
[BlackClock "0:00:08"]

1. d4 d5 2. c4 e6 3. Nf3 c5 4. cxd5 exd5 5. g3 Nc6 6. Bg2 Nf6 7. O-O Be7 8. Nc3 O-O 9. Be3 c4 10. Ne5 Qa5 11. Bg5 Be6 12. e3 Rfd8 13. Rc1 h6 14. Bxf6 Bxf6 15. f4 Bxe5 16. fxe5 b5 17. Qh5 b4 18. Ne2 Rd7 19. Nf4 Re7 20. Rxc4 dxc4 21. Bxc6 Rd8 22. Be4 c3 23. bxc3 bxc3 24. d5 Bxd5 25. Nxd5 Rxd5 26. Qf5 g6 27. Qf6 Rdxe5 28. Bxg6 Qc7 29. Bc2 Qc5 30. Rf4 Qxe3+ 31. Kg2 Qe2+ 32. Kh3 Rh5+ 0-1

[Event "November 21 Late 2023"]
[Site "https://www.chess.com"]
[Date "2023.11.21"]
[Round "4"]
[White "Toropov, Pavel"]
[Black "Rios Escobar, Adan"]
[Result "1-0"]
[Board "98"]
[TimeControl "180+1"]
[WhiteFideId "24129178"]
[BlackFideId "3403645"]
[WhiteElo "2182"]
[BlackElo "2400"]
[WhiteTeam "RUS"]
[BlackTeam "CHI"]
[WhiteClock "0:00:16"]
[BlackClock "0:00:00"]

1. e4 c5 2. Nf3 d6 3. Bb5+ Nd7 4. d4 cxd4 5. Qxd4 a6 6. Bxd7+ Bxd7 7. Nc3 e5 8. Qd3 h6 9. Nd2 b5 10. Nf1 Nf6 11. Ne3 Be7 12. Ncd5 Nxd5 13. Nxd5 O-O 14. Bd2 Bg5 15. Bb4 Be6 16. Nc3 Bc4 17. Qxd6 Qxd6 18. Bxd6 Rfd8 19. h4 Bf4 20. Rd1 h5 21. b3 Be6 22. Ne2 Bg4 23. f3 Be6 24. Nxf4 exf4 25. Bxf4 Rdc8 26. Rd2 b4 27. Kd1 Rc6 28. Kc1 Rac8 29. Rhd1 a5 30. Rd8+ Kh7 31. Rxc8 Bxc8 32. Kb2 a4 33. bxa4 Be6 34. Rd4 Bc4 35. a5 Bf1 36. g3 Be2 37. Rd6 Rc5 38. a6 Bxf3 39. Rd4 Ra5 40. Rxb4 Rxa6 41. a4 Kg6 42. Bc7 f6 43. e5 1-0

[Event "November 21 Late 2023"]
[Site "https://www.chess.com"]
[Date "2023.11.21"]
[Round "4"]
[White "Akhayan, Ruben"]
[Black "Ferreira, Vitor Hugo Vieira"]
[Result "0-1"]
[Board "99"]
[TimeControl "180+1"]
[WhiteFideId "204439"]
[BlackFideId "2119765"]
[WhiteElo "2141"]
[BlackElo "2123"]
[WhiteTeam "BEL"]
[BlackTeam "BRA"]
[WhiteClock "0:00:07"]
[BlackClock "0:00:03"]

1. e4 c5 2. Nf3 d6 3. d4 cxd4 4. Nxd4 Nf6 5. Nc3 a6 6. Bc4 e6 7. Bb3 Nbd7 8. O-O Nc5 9. f4 Qc7 10. Kh1 Be7 11. f5 Nxb3 12. axb3 O-O 13. Be3 Re8 14. Qf3 Bd7 15. Rad1 Rac8 16. fxe6 fxe6 17. Qh3 Bf8 18. Bg5 e5 19. Nf5 Be6 20. Bxf6 gxf6 21. Qh4 Qf7 22. Nh6+ Bxh6 23. Qxh6 Qg6 24. Qxg6+ hxg6 25. Rxf6 Kg7 26. Rf2 Rc6 27. Rfd2 Rd8 28. Kg1 b5 29. b4 Kf7 30. Kf2 Ke7 31. Ke3 Rc4 32. Ra1 Rxb4 33. b3 Ra8 34. h4 a5 35. Nd5+ Bxd5 36. Rxd5 a4 37. bxa4 bxa4 38. Ra3 Rc8 39. Rd2 Rcc4 40. g3 Rxe4+ 41. Kf3 Rec4 42. Kg2 Ke6 43. Kh3 d5 44. Re2 e4 45. g4 Ke5 46. h5 gxh5 47. gxh5 d4 48. Rg2 Rb1 49. Kg4 e3 50. Rh2 Rg1+ 51. Kf3 Rf1+ 52. Kg3 Rc8 53. Rxa4 Rg8+ 54. Kh3 Rf3+ 55. Kh4 Rf2 56. Rh1 e2 57. Ra5+ Ke4 58. Re1 Ke3 59. h6 Kd2 60. Raa1 Rgg2 61. Kh3 Rh2+ 62. Kg3 Rfg2+ 63. Kf3 Rf2+ 64. Ke4 Rxh6 65. Kxd4 Rhf6 66. c4 Rf1 67. Reb1 Rxb1 68. Rxb1 Rf1 69. Rb2+ Ke1 70. Rxe2+ Kxe2 71. Kd5 Rd1+ 72. Kc6 Kd3 73. c5 Kd4 74. Kd6 Kc4+ 75. Kc6 Rd5 0-1

[Event "November 21 Late 2023"]
[Site "https://www.chess.com"]
[Date "2023.11.21"]
[Round "4"]
[White "Figorito, Nick"]
[Black "Tifferet, Shaked"]
[Result "0-1"]
[Board "100"]
[TimeControl "180+1"]
[WhiteFideId "30923689"]
[BlackFideId "2811529"]
[WhiteElo "2386"]
[BlackElo "2142"]
[WhiteTeam "USA"]
[BlackTeam "ISR"]
[WhiteClock "0:01:12"]
[BlackClock "0:01:52"]

1. Nf3 b6 2. g3 Bb7 3. Bg2 Nf6 4. O-O g6 5. c4 Bg7 6. Nc3 O-O 7. b3 Ne4 8. Bb2 Nxc3 9. Bxc3 Bxc3 10. dxc3 c5 11. Qd2 d6 12. Qh6 Bxf3 13. Bxf3 Nd7 14. Bxa8 Qxa8 15. h4 Nf6 16. a4 Qe4 17. a5 Qxe2 18. axb6 axb6 19. Rfe1 Qc2 20. Rxe7 Qxc3 21. Rb1 Qc2 22. Qc1 Qf5 23. Qf4 Qxb1+ 24. Kh2 Qf5 25. Qxf5 gxf5 26. Rb7 Re8 27. Rxb6 Re2 28. Rxd6 Ne4 29. Rd8+ Kg7 30. Rb8 Rxf2+ 31. Kh3 Rb2 32. g4 Nf2+ 33. Kg3 Nxg4 34. Kf4 Rf2+ 35. Kg3 h5 0-1

[Event "November 21 Late 2023"]
[Site "https://www.chess.com"]
[Date "2023.11.21"]
[Round "4"]
[White "Kujawski, Adam"]
[Black "Goltseva, Ekaterina"]
[Result "1-0"]
[Board "101"]
[TimeControl "180+1"]
[WhiteFideId "1100920"]
[BlackFideId "24173770"]
[WhiteElo "2054"]
[BlackElo "2139"]
[WhiteTeam "POL"]
[BlackTeam "RUS"]
[WhiteClock "0:00:31"]
[BlackClock "0:00:00"]

1. e4 c6 2. d4 a6 3. a4 d5 4. f3 g6 5. Nc3 Bg7 6. Be3 dxe4 7. fxe4 e5 8. dxe5 Qa5 9. Nf3 Ne7 10. Bc4 O-O 11. O-O Bg4 12. h3 Be6 13. Bxe6 fxe6 14. Qd6 Nc8 15. Qxe6+ Kh8 16. Ng5 h6 17. Rxf8+ Bxf8 18. Qf7 hxg5 19. Qxf8+ Kh7 20. Rf1 Qxe5 21. Rf7+ 1-0

[Event "November 21 Late 2023"]
[Site "https://www.chess.com"]
[Date "2023.11.21"]
[Round "4"]
[White "i_like_explosions"]
[Black "The_Straightforward_Rook"]
[Result "0-1"]
[Board "102"]
[TimeControl "180+1"]
[WhiteElo "2380"]
[BlackElo "2516"]
[WhiteClock "0:00:00"]
[BlackClock "0:00:13"]

1. d4 Nf6 2. Bg5 d5 3. Bxf6 gxf6 4. e3 e5 5. dxe5 fxe5 6. Nc3 Be6 7. Nf3 Nc6 8. Bb5 Bd6 9. O-O O-O 10. e4 d4 11. Ne2 Ne7 12. Ng3 Kh8 13. Bd3 c5 14. b3 Rg8 15. Nh4 Qd7 16. Qh5 Rg7 17. Nhf5 Bxf5 18. Nxf5 Nxf5 19. exf5 f6 20. Be4 Rag8 21. g3 Rg5 22. Qf3 b6 23. Kh1 Qc8 24. h4 Rg4 25. Qd3 b5 26. Bf3 c4 27. bxc4 bxc4 28. Qe2 R4g7 29. Qe4 Bb4 30. Rab1 a5 31. Rg1 Rd8 32. Rbd1 Rgd7 33. g4 d3 34. cxd3 Rxd3 35. Rc1 R8d4 36. Qe2 Rd2 37. Qe3 R2d3 38. Qe2 Qf8 39. Rxc4 Rd2 40. Qf1 Qh6 41. h5 Qg5 42. Rg3 Qh4+ 43. Kg2 R4d3 44. Rc8+ Kg7 45. g5 e4 46. Be2 Rxg3+ 47. fxg3 Qxg5 48. Rc7+ Kh6 49. Qf2 Bd6 50. Rc3 Be5 51. Rb3 Bd4 52. Qe1 e3 53. g4 Qf4 54. Qf1 Qe5 55. Kf3 Kg5 56. Qh3 Qf4+ 57. Kg2 Rxe2+ 0-1

[Event "November 21 Late 2023"]
[Site "https://www.chess.com"]
[Date "2023.11.21"]
[Round "4"]
[White "Kuegel, Tobias"]
[Black "Nita, Lucian"]
[Result "0-1"]
[Board "103"]
[TimeControl "180+1"]
[WhiteFideId "4636295"]
[BlackFideId "1206923"]
[WhiteElo "2213"]
[BlackElo "2066"]
[WhiteTeam "GER"]
[BlackTeam "ROU"]
[WhiteClock "0:00:00"]
[BlackClock "0:00:52"]

1. e4 d6 2. d4 Nf6 3. Nc3 e5 4. dxe5 dxe5 5. Qxd8+ Kxd8 6. Bc4 Ke8 7. f4 Bd6 8. Nf3 Nbd7 9. g3 c6 10. a4 h6 11. Be3 Ke7 12. O-O-O Bc7 13. f5 Ng4 14. Bg1 Bb6 15. h3 Nf2 16. Bxf2 Bxf2 17. g4 Be3+ 18. Kb1 f6 19. Nh4 Nf8 20. Rd3 Bg5 21. Nf3 Nd7 22. Rdd1 a5 23. Ne1 Nc5 24. Nd3 Nxd3 25. Rxd3 Bd7 26. h4 Bf4 27. Ne2 h5 28. Nxf4 exf4 29. g5 c5 30. Rf3 Bxa4 31. Rxf4 Bc6 32. Rg1 b5 33. gxf6+ gxf6 34. Rg7+ Kd6 35. Be6 Ke5 36. Rf1 Bxe4 37. Re1 Rad8 38. Rg2 Rd4 39. Rge2 Rhd8 40. Kc1 Ra4 41. b3 Ra1+ 42. Kb2 Rxe1 43. Rxe1 Rd2 44. Kb1 a4 45. bxa4 bxa4 46. Bf7 Kxf5 47. Bxh5 Bxc2+ 48. Kc1 Rh2 49. Bf7 Be4 0-1

[Event "November 21 Late 2023"]
[Site "https://www.chess.com"]
[Date "2023.11.21"]
[Round "4"]
[White "PapaieDudu"]
[Black "Kochiev, Ivan"]
[Result "1-0"]
[Board "104"]
[TimeControl "180+1"]
[BlackFideId "2917890"]
[WhiteElo "2369"]
[BlackElo "2285"]
[BlackTeam "BUL"]
[WhiteClock "0:00:32"]
[BlackClock "0:00:01"]

1. d4 Nf6 2. c4 e6 3. Nc3 c5 4. Nf3 cxd4 5. Nxd4 Nc6 6. Bg5 Be7 7. e3 O-O 8. Bd3 a6 9. O-O b6 10. Qe2 Bb7 11. Rfd1 Qc7 12. Bf4 e5 13. Bg3 Rac8 14. Rac1 Bc5 15. Nf5 Ne7 16. Nd5 Nfxd5 17. cxd5 Qd8 18. Bxe5 f6 19. Bc3 Nxf5 20. Bxf5 Be7 21. d6 Bxd6 22. Rxd6 g6 23. Rxd7 Qe8 24. Rxb7 gxf5 25. Qf3 Qe6 26. Qg3+ 1-0

[Event "November 21 Late 2023"]
[Site "https://www.chess.com"]
[Date "2023.11.21"]
[Round "4"]
[White "arenal72"]
[Black "Martins, Vinicius Tine"]
[Result "0-1"]
[Board "105"]
[TimeControl "180+1"]
[BlackFideId "2112884"]
[WhiteElo "2507"]
[BlackElo "2373"]
[BlackTeam "BRA"]
[WhiteClock "0:00:10"]
[BlackClock "0:00:17"]

1. d4 d6 2. e4 Nf6 3. Nc3 g6 4. Bg5 Bg7 5. e5 Nfd7 6. exd6 cxd6 7. Qd2 O-O 8. O-O-O Nc6 9. Nf3 Nf6 10. h4 Bg4 11. Be2 Rc8 12. Kb1 Na5 13. Bxf6 Bxf6 14. Ne4 Bg7 15. Nfg5 Bxe2 16. Qxe2 Nc4 17. c3 Qa5 18. h5 b5 19. Nxh7 b4 20. hxg6 bxc3 21. Nxf8 c2+ 22. Ka1 cxd1=Q+ 23. Rxd1 Kxf8 24. Rc1 Bxd4 25. Nc3 Bxc3 26. Rxc3 Qe5 27. Qd1 fxg6 28. f4 Qf6 29. Qg4 Rc5 30. Qh3 Nb6 31. Rxc5 dxc5 32. a3 c4 33. Qh6+ Kf7 34. g4 c3 35. Qh7+ Ke8 36. Qg8+ Kd7 37. Qb8 cxb2+ 38. Ka2 Qe6+ 39. Kxb2 Qd6 40. Qxa7+ Qc7 41. Qxc7+ Kxc7 42. Kc2 Kd6 43. Kd3 Kd5 44. g5 e6 45. a4 Nxa4 46. Ke3 Nc5 47. f5 exf5 48. Kf4 Kd4 49. Kf3 Ne6 50. Kg3 Nxg5 51. Kh4 Ne6 52. Kg3 Ke4 53. Kh4 f4 54. Kg4 f3 55. Kg3 Ke3 56. Kg4 f2 57. Kh4 f1=Q 58. Kg4 Qg1+ 59. Kh4 Kf3 60. Kh3 Qh1# 0-1

[Event "November 21 Late 2023"]
[Site "https://www.chess.com"]
[Date "2023.11.21"]
[Round "4"]
[White "Bernat, David"]
[Black "Cristi_Coca"]
[Result "0-1"]
[Board "106"]
[TimeControl "180+1"]
[WhiteFideId "2099225"]
[WhiteElo "1894"]
[BlackElo "2505"]
[WhiteTeam "USA"]
[WhiteClock "0:00:05"]
[BlackClock "0:01:02"]

1. c4 Nf6 2. Nc3 g6 3. e4 d6 4. g3 Bg7 5. Bg2 O-O 6. Nge2 c5 7. O-O Nc6 8. d3 Ne8 9. Be3 Nc7 10. d4 cxd4 11. Nxd4 a6 12. Nxc6 bxc6 13. Rc1 Rb8 14. b3 a5 15. Qd2 c5 16. Rfd1 Ne6 17. Ne2 Qb6 18. Bh6 a4 19. Bxg7 Kxg7 20. bxa4 Qb4 21. Nc3 Nd4 22. Nd5 Qxd2 23. Rxd2 e6 24. Nc3 Rb4 25. Nb5 e5 26. Nxd6 Rxa4 27. f4 f6 28. Rf1 Be6 29. fxe5 fxe5 30. Rxf8 Kxf8 31. Nb7 Rxc4 32. h4 Rc1+ 33. Kh2 Ke7 34. a4 c4 35. a5 c3 36. Rd3 c2 37. Rc3 Ra1 38. Rc7+ Kf6 39. g4 g5 40. hxg5+ Kxg5 41. a6 c1=Q 42. Rxc1 Rxc1 43. a7 Ra1 0-1

[Event "November 21 Late 2023"]
[Site "https://www.chess.com"]
[Date "2023.11.21"]
[Round "4"]
[White "Mazzilli, Piero"]
[Black "Musovic, Armin"]
[Result "0-1"]
[Board "107"]
[TimeControl "180+1"]
[WhiteFideId "807087"]
[BlackFideId "939935"]
[WhiteElo "2363"]
[BlackElo "2322"]
[WhiteTeam "ITA"]
[BlackTeam "MNE"]
[WhiteClock "0:00:05"]
[BlackClock "0:01:56"]

1. e4 c6 2. c4 d5 3. cxd5 cxd5 4. exd5 e6 5. dxe6 Bxe6 6. d4 Nc6 7. Nf3 Nf6 8. Nc3 a6 9. Be2 Bd6 10. Bg5 Ne7 11. Bxf6 gxf6 12. d5 Bf5 13. O-O Rg8 14. Nd4 Qc7 15. Nxf5 Nxf5 16. h3 Nh4 17. Bf3 O-O-O 18. Rc1 Kb8 19. Nb5 Bh2+ 20. Kh1 Qb6 21. Kxh2 axb5 22. g3 Qd6 23. Kh1 Nxf3 24. Qxf3 Qxd5 25. Qxd5 Rxd5 26. Rc2 f5 27. Kg2 f4 28. g4 Rd3 29. f3 Rgd8 30. Rfc1 Rd2+ 31. Kg1 Rd1+ 32. Kf2 R8d2+ 33. Rxd2 Rxd2+ 34. Kg1 Rxb2 35. Re1 Rxa2 36. Re7 b4 37. Re4 b3 38. Rb4 b2 0-1

[Event "November 21 Late 2023"]
[Site "https://www.chess.com"]
[Date "2023.11.21"]
[Round "4"]
[White "Todorovic, Bojan"]
[Black "Mazurkiewicz, Michal"]
[Result "1-0"]
[Board "108"]
[TimeControl "180+1"]
[WhiteFideId "917087"]
[BlackFideId "1124943"]
[WhiteElo "2266"]
[BlackElo "2124"]
[WhiteTeam "SRB"]
[BlackTeam "POL"]
[WhiteClock "0:00:14"]
[BlackClock "0:00:08"]

1. d4 Nf6 2. c4 e5 3. dxe5 Ng4 4. Bf4 Nc6 5. Nf3 Bb4+ 6. Nc3 Qe7 7. Qd5 f6 8. exf6 Nxf6 9. Qd3 d6 10. g3 Ne4 11. Bg2 Bf5 12. Nh4 g6 13. Nxf5 gxf5 14. O-O Bxc3 15. bxc3 O-O 16. Rab1 b6 17. Qd5+ Kh8 18. Qxc6 Nxc3 19. Be3 Nxb1 20. Rxb1 h5 21. Bd4+ Kh7 22. e4 f4 23. Qd5 Qf7 24. e5 f3 25. e6 Qg6 26. Bxf3 Qxb1+ 27. Kg2 Qf5 28. Be4 Qxe4+ 29. Qxe4+ Kh6 30. e7 Rg8 31. Qe6+ Rg6 32. Qf7 Rgg8 33. Be3+ Rg5 34. h4 Rg8 35. hxg5+ Rxg5 36. e8=Q 1-0

[Event "November 21 Late 2023"]
[Site "https://www.chess.com"]
[Date "2023.11.21"]
[Round "4"]
[White "Garrido, Denis"]
[Black "Kovacsy, Barnabas"]
[Result "0-1"]
[Board "109"]
[TimeControl "180+1"]
[WhiteFideId "601217"]
[BlackFideId "769290"]
[WhiteElo "2361"]
[BlackElo "2130"]
[WhiteTeam "FRA"]
[BlackTeam "HUN"]
[WhiteClock "0:01:02"]
[BlackClock "0:00:55"]

1. e4 c5 2. Nf3 e6 3. d4 cxd4 4. Bg5 Be7 5. Bxe7 Nxe7 6. Nxd4 a6 7. Bd3 Nbc6 8. Nxc6 dxc6 9. O-O e5 10. Nd2 Be6 11. a4 O-O 12. Qe2 Qc7 13. a5 c5 14. Bc4 Rad8 15. Rfd1 Nc6 16. Bxe6 fxe6 17. c3 Nxa5 18. b4 cxb4 19. cxb4 Nc6 20. Qc4 Qf7 21. Nf3 Nd4 22. Rd3 Rc8 23. Qa2 Rc2 24. Qb1 Rfc8 25. Qe1 Nxf3+ 26. Rxf3 Qc7 27. Rd1 Rc1 28. Rfd3 Rxd1 29. Rxd1 Qc3 30. Rd8+ Kf7 31. Rd7+ Ke8 32. Qd1 Qc1 33. Rd8+ Ke7 34. Rd7+ Kf6 35. h4 Qxd1+ 36. Rxd1 Rc4 37. f3 Rxb4 38. Rd7 a5 39. Kh2 a4 40. g4 h6 41. Kg3 b5 42. Ra7 Rb3 43. h5 a3 0-1

[Event "November 21 Late 2023"]
[Site "https://www.chess.com"]
[Date "2023.11.21"]
[Round "4"]
[White "ExchangeAB"]
[Black "Leschinsky, Gary"]
[Result "0-1"]
[Board "110"]
[TimeControl "180+1"]
[BlackFideId "30951321"]
[WhiteElo "2500"]
[BlackElo "2020"]
[BlackTeam "USA"]
[WhiteClock "0:00:16"]
[BlackClock "0:00:34"]

1. Nf3 Nf6 2. e3 d5 3. b3 Bg4 4. Bb2 e6 5. h3 Bh5 6. d3 c6 7. Be2 Nbd7 8. Nbd2 Bd6 9. O-O O-O 10. c4 Qe7 11. Qc2 a5 12. Rfe1 a4 13. Bc3 b5 14. bxa4 bxc4 15. dxc4 Bg6 16. Bd3 Bxd3 17. Qxd3 Nc5 18. Qe2 Nxa4 19. Bxf6 Qxf6 20. e4 Qh6 21. cxd5 cxd5 22. exd5 Nc3 23. Qe3 Qxe3 24. Rxe3 Nxd5 25. Rb3 Ra4 26. g3 g6 27. Kg2 Rfa8 28. a3 Bxa3 29. Nb1 Bc5 30. Rxa4 Rxa4 31. Nc3 Rc4 32. Nxd5 exd5 33. Rb2 Kg7 34. Rd2 d4 35. Ne5 Rc3 36. Nd3 Be7 37. Nf4 Rc4 38. Ne2 Bc5 39. Rd3 Kf6 40. f4 Ke6 41. Kf3 f5 42. g4 Kd5 43. Rb3 Rc2 44. Rb7 d3 45. Rd7+ Kc4 46. Ng3 Rf2# 0-1

[Event "November 21 Late 2023"]
[Site "https://www.chess.com"]
[Date "2023.11.21"]
[Round "4"]
[White "Serban, Cristian-Stefan"]
[Black "Szente Varga, Fruzsina"]
[Result "1-0"]
[Board "111"]
[TimeControl "180+1"]
[WhiteFideId "1241443"]
[BlackFideId "712264"]
[WhiteElo "2028"]
[BlackElo "1994"]
[WhiteTeam "ROU"]
[BlackTeam "HUN"]
[WhiteClock "0:00:09"]
[BlackClock "0:00:05"]

1. d4 Nf6 2. Bf4 g6 3. Nc3 Bg7 4. e4 d6 5. Qd2 c6 6. f3 b5 7. g4 h5 8. g5 Nfd7 9. h4 Qb6 10. Nce2 c5 11. dxc5 Nxc5 12. Rb1 Nc6 13. Be3 a5 14. Bh3 Ne5 15. b3 Bxh3 16. Rxh3 Qc6 17. Nd4 Qb7 18. Nge2 O-O 19. Nf4 Nc6 20. Nd5 Qd7 21. Rg3 Be5 22. Rg1 Kh7 23. Nb6 Qb7 24. Nxa8 Rxa8 25. Nxc6 Qxc6 26. Qd5 Qxd5 27. exd5 Bc3+ 28. Ke2 Nd7 29. f4 b4 30. Rgd1 Kg7 31. Bd4+ Bxd4 32. Rxd4 Rc8 33. Rc4 Nc5 34. Ke3 Rb8 35. Kd4 Rb5 36. a4 Rb7 37. Re1 Kf8 38. Rf1 e6 39. dxe6 fxe6 40. Ke3 Ke7 41. Rd1 Rd7 42. Rcd4 Rd8 43. R1d2 d5 44. Kf3 Rc8 45. Re2 Ne4 46. Rd3 Nc3 47. Re5 Ne4 48. Rdxd5 Rxc2 49. Rxa5 Nd2+ 50. Ke3 Nxb3 51. Ra7+ Kd6 52. Ra6+ Kd7 53. Rexe6 Nc5 54. Rad6+ Kc7 55. Rc6+ Kd7 56. Rxg6 Rc3+ 57. Kd4 Nb3+ 58. Kd5 Rd3+ 59. Ke4 Rd4+ 60. Ke3 Rd1 61. Rc4 Nc1 62. Rxb4 Na2 63. Rb7+ Kc8 64. Rh7 Rd8 65. Rgg7 Re8+ 66. Kf3 Nb4 67. Rc7+ Kb8 68. Rb7+ Ka8 69. Rxb4 1-0

[Event "November 21 Late 2023"]
[Site "https://www.chess.com"]
[Date "2023.11.21"]
[Round "4"]
[White "Romero Ruscalleda, Josep"]
[Black "Sreyas Payyappat"]
[Result "1-0"]
[Board "112"]
[TimeControl "180+1"]
[WhiteFideId "2231859"]
[BlackFideId "46674969"]
[WhiteElo "2183"]
[BlackElo "2043"]
[WhiteTeam "ESP"]
[BlackTeam "IND"]
[WhiteClock "0:00:34"]
[BlackClock "0:00:00"]

1. e4 c6 2. Nc3 d5 3. Nf3 dxe4 4. Nxe4 Nf6 5. Qe2 Nxe4 6. Qxe4 Nd7 7. Bc4 Nf6 8. Ne5 e6 9. Qe2 b5 10. Bd3 Qc7 11. c3 Bd6 12. f4 Bb7 13. Bc2 a6 14. a4 Nd5 15. d4 c5 16. axb5 cxd4 17. bxa6 dxc3 18. Qb5+ Ke7 19. O-O Qc5+ 20. Qxc5 Bxc5+ 21. Kh1 Rxa6 22. Rxa6 Bxa6 23. Rd1 Bb7 24. bxc3 f6 25. Nd3 Bd6 26. c4 Nb4 27. c5 Nxc2 28. cxd6+ Kf7 29. Nc5 Bd5 30. d7 Rd8 31. Bd2 Ke7 32. Ba5 Ne3 33. Bxd8+ Kxd8 34. Rd3 Ng4 35. Kg1 g5 36. h3 1-0